AoeStats
← Bananaman651

African Clearing

510415678Analyzed
4v4 RM · 2d ago on Sep 30, 2026· 54m 22s· 8 players
Game mode
Random Map
Map size
Large (8 player)
Population
200
Speed
Normal
Resources
Standard
Victory
Conquest
Starting age
Dark Age
Ending age
Imperial Age
RankedLock teamsTeams togetherTeam positionsShared explorationLock speedFull tech treeHidden civsTurbo modeCheats
Victory
Defeat
🇧🇷 Huns · Brazil
1498
+12
🇧🇷 Saracens · Brazil
1460
+14
🇧🇷 Chinese · Brazil
1301
+20
🇧🇷 Saxons · Brazil
1273
+21
🇺🇸 Berbers · United States
1475
-20
🇨🇿 Mongols · Czechia
1436
-18
🇻🇳 Varangians · Vietnam
1360
-15
🇦🇷 Vietnamese · Argentina
1327
-14
Wise™
13:43 Feudal Age
17:28 Castle Age
16:11 Fishing Lines
21:27 Gold Mining
25:39 Forging
26:46 Double-Bit Axe
28:00 Iron Casting
28:39 Scale Barding Armor
29:43 Wheelbarrow
30:23 Bow Saw
29:57 Horse Collar
31:37 Town Watch
34:31 Imperial Age
31:56 Gillnets
33:46 Chain Barding Armor
33:33 Heavy Plow
34:09 Gold Shaft Mining
33:28 Stone Mining
35:17 Elite Mameluke
37:15 Plate Barding Armor
38:14 Hand Cart
38:41 Loom
40:33 Conscription
42:09 Blast Furnace
43:32 Light Cavalry
44:22 Bloodlines
44:13 Husbandry
44:30 Hussar
48:17 Counterweights
51:16 Scale Mail Armor
HUGO
3:24 Loom
12:10 Feudal Age
12:52 Double-Bit Axe
15:31 Forging
21:23 Horse Collar
23:39 Wheelbarrow
26:44 Castle Age
25:33 Scale Barding Armor
26:35 Bloodlines
28:07 Iron Casting
28:40 Bow Saw
30:40 Husbandry
32:57 Chain Barding Armor
33:03 Heavy Plow
35:08 Gold Mining
35:09 Stone Mining
40:55 Imperial Age
39:08 Marauders
41:11 Fletching
42:21 Plate Barding Armor
43:10 Blast Furnace
42:50 Elite Tarkan
45:17 Gold Shaft Mining
GAX | Thui
3:31 Loom
14:02 Feudal Age
15:35 Double-Bit Axe
17:53 Castle Age
16:59 Stone Mining
19:05 Bow Saw
23:27 Scale Mail Armor
23:37 Horse Collar
24:33 Forging
24:31 Squires
26:16 Wheelbarrow
26:32 Chain Mail Armor
27:32 Iron Casting
27:46 Arson
27:47 Gambesons
28:41 Hand Cart
29:47 Pikeman
31:06 Heavy Plow
35:53 Imperial Age
36:00 Elite Varangian Guard
36:45 Fletching
37:30 Bodkin Arrow
38:15 Plate Mail Armor
37:21 Elite Hearth Troop
39:34 Ballistics
40:15 Chemistry
39:36 Bracer
40:08 Shield Wall
42:08 Conscription
41:50 Murder Holes
43:19 Gold Mining
44:36 Gold Shaft Mining
46:58 Crop Rotation
48:05 Arrowslits
54:32 Two-Man Saw
GAX | Braant1
2:55 Loom
12:37 Feudal Age
16:23 Castle Age
15:22 Double-Bit Axe
17:40 Horse Collar
25:29 Wheelbarrow
25:36 Bow Saw
27:27 Scale Barding Armor
29:01 Hand Cart
30:28 Chain Barding Armor
30:19 Forging
30:21 Bloodlines
30:12 Husbandry
31:25 Gold Mining
31:24 Town Watch
34:47 Imperial Age
33:10 Fletching
34:29 Town Patrol
35:41 Iron Casting
36:19 Plate Barding Armor
35:05 Cavalier
37:32 Blast Furnace
38:22 Two-Man Saw
39:12 Chemistry
38:33 Ballistics
38:50 Bodkin Arrow
39:48 Stone Mining
40:33 Gold Shaft Mining
40:58 Padded Archer Armor
42:14 Bracer
42:30 Leather Archer Armor
44:52 Ring Archer Armor
44:55 Thumb Ring
46:44 Masonry
46:43 Elite Chu Ko Nu
47:48 Heavy Plow
47:56 Light Cavalry
49:40 Conscription
51:15 Architecture
51:28 Capped Ram
Bananaman651
10:02 Loom
11:51 Feudal Age
12:12 Loom
12:22 Double-Bit Axe
13:12 Double-Bit Axe
17:06 Wheelbarrow
19:22 Castle Age
17:35 Forging
19:22 Scale Barding Armor
20:44 Bow Saw
21:11 Husbandry
22:52 Hand Cart
24:02 Bloodlines
25:41 Fletching
26:35 Bodkin Arrow
27:24 Stone Mining
31:54 Padded Archer Armor
33:57 Ballistics
33:43 Fishing Lines
39:15 Leather Archer Armor
43:31 Imperial Age
41:18 Murder Holes
41:31 Town Watch
41:40 Light Cavalry
42:56 Iron Casting
46:50 Imperial Age
46:17 Chain Barding Armor
46:54 Elite Steppe Lancer
48:36 Blast Furnace
48:30 Hussar
49:42 Horse Collar
Learn2Play
12:04 Loom
14:39 Feudal Age
15:18 Double-Bit Axe
18:20 Castle Age
19:15 Bow Saw
20:19 Fletching
26:26 Wheelbarrow
25:41 Horse Collar
27:05 Fishing Lines
32:26 Imperial Age
30:04 Scale Mail Armor
30:09 Gold Mining
31:28 Town Watch
31:50 Padded Archer Armor
33:29 Leather Archer Armor
33:41 Conscription
33:33 Forging
34:49 Iron Casting
34:23 Husbandry
35:59 Bodkin Arrow
37:00 Bloodlines
39:45 Elite Jarl
41:31 Hand Cart
43:41 Blast Furnace
43:15 Squires
43:00 Gambesons
43:34 Chain Mail Armor
44:58 Masonry
45:09 Ballistics
45:50 Chemistry
45:01 Elite Varangian Guard
46:12 Stone Mining
46:14 Treadmill Crane
47:07 Architecture
47:27 Plate Mail Armor
46:59 Bracer
47:35 Heavy Plow
48:31 Scale Barding Armor
Commander Ricky
7:10 Loom
16:24 Feudal Age
17:45 Wheelbarrow
19:56 Castle Age
18:04 Double-Bit Axe
18:02 Horse Collar
18:28 Gold Mining
21:34 Bow Saw
23:16 Wheelbarrow
29:31 Fletching
29:42 Padded Archer Armor
30:35 Wheelbarrow
31:00 Forging
30:53 Bodkin Arrow
32:36 Ballistics
33:43 Hand Cart
33:13 Town Watch
34:18 Bloodlines
34:08 Husbandry
34:37 Stone Mining
35:33 Town Patrol
39:51 Imperial Age
37:55 Leather Archer Armor
37:44 Husbandry
38:48 Thumb Ring
39:41 Heavy Plow
39:21 Elite Skirmisher
39:58 Heavy Cavalry Archer
40:49 Bracer
41:03 Imperial Skirmisher
43:38 Chemistry
44:09 Paper Money
44:26 Hoardings
44:04 Siege Engineers
44:10 Masonry
46:43 Ring Archer Armor
45:56 Treadmill Crane
46:37 Bombard Tower
Arribia
10:57 Loom
13:48 Feudal Age
15:24 Wheelbarrow
18:08 Castle Age
26:25 Double-Bit Axe
37:14 Gold Mining
42:12 Imperial Age
40:49 Bow Saw
40:23 Horse Collar
41:18 Gold Shaft Mining
45:53 Hand Cart
45:24 Town Watch
47:06 Fletching
47:16 Padded Archer Armor
49:46 Elite Genitour
50:27 Bodkin Arrow
50:47 Leather Archer Armor
50:13 Elite Genitour
51:26 Husbandry
51:36 Bloodlines
51:33 Bracer
52:03 Ring Archer Armor
51:43 Forging
51:38 Scale Barding Armor
51:43 Bracer
51:54 Forging
51:49 Scale Barding Armor
52:15 Ring Archer Armor
52:30 Ballistics
53:10 Chemistry
51:51 Treadmill Crane
52:09 Heavy Camel Rider
53:26 Iron Casting
53:43 Chain Barding Armor
55:27 Blast Furnace
55:02 Plate Barding Armor
Connection lost

Rejoining the realm…

Still unreachable

The connection could not be restored.

Session expired

The server has moved on; the page needs a fresh start.